 Dungeon Crawl Stone Soup version 0.30-a0-956-gcec3b41aec (webtiles) character file.

Game seed: 5277784561762524987

314 NinjaNoafa the Changer (level 6, -1/38 HPs)
             Began as an Octopode Transmuter on Mar 28, 2023.
             Slain by a water moccasin (5 damage)
             ... on level 4 of the Dungeon on Mar 29, 2023.
             The game lasted 00:08:34 (2976 turns).

NinjaNoafa the Changer (Octopode Transmuter)        Turns: 2976, Time: 00:08:35

Health: -1/38      AC:  1    Str: 16    XL:     6   Next: 43%
Magic:  0/10       EV: 13    Int: 17    God:
Gold:   95         SH:  0    Dex: 12    Spells: 5/11 levels left

rFire   + . .      SeeInvis .      - Unarmed
rCold   + . .      Faith    .    (no shield)
rNeg    . . .      Spirit   +    (helmet currently unavailable)
rPois   +          Reflect  .    j - amulet of guardian spirit
rElec   +          Rampage  .    a - ring of resist corrosion
rCorr   +                        i - +6 ring of strength
Will    .....                    (no ring)
Stlth   +++                      (no ring)
HPRegen 0.26/turn                (no ring)
MPRegen 0.12/turn                (no ring)
                                 (no ring)
                                 (no ring)

@: lethally poisoned (-1 -> -15), about to teleport, appendages, resistant,
wereblooded
A: tentacle spike 3, almost no armour, amphibious, 8 rings, camouflage 1,
gelatinous body 1, (nimble swimmer 1), tentacles
a: End Transformation


You were on level 4 of the Dungeon.
One of your tentacles had grown a beastly spike.
You visited 1 branch of the dungeon, and saw 4 of its levels.

You collected 119 gold pieces.
You spent 24 gold pieces at shops.

Inventory:

Jewellery
 a - a ring of resist corrosion (left tentacle)
 i - a +6 ring of strength (right tentacle)
 j - an amulet of guardian spirit (around mantle)
Scrolls
 c - a scroll of teleportation
 e - a scroll of magic mapping {unknown}
 f - a scroll of vulnerability {unknown}
 h - a scroll of enchant weapon {unknown}
Potions
 b - a potion of brilliance {unknown}


   Skills:
 - Level 1.0 Fighting
 - Level 2.0 Dodging
 + Level 3.7 Stealth
 - Level 3.0 Unarmed Combat
 - Level 3.0 Spellcasting
 - Level 5.0 Transmutations
 + Level 2.1 Poison Magic


You had 5 spell levels left.
You knew the following spells:

 Your Spells              Type           Power      Damage    Failure   Level
a - Beastly Appendage     Tmut           38%        N/A       2%          1
b - Wereblood             Tmut           19%        N/A       3%          2
c - Spider Form           Tmut/Pois      14%        N/A       12%         3

Your spell library contained the following spells:

 Spells                   Type           Power      Damage    Failure   Level
 Necrotise                Necr           8%         1d4       17%         1
 Vampiric Draining        Necr           2%         2d6       45%         3
 Ice Form                 Ice/Tmut       11%        N/A       52%         4
 Agony                    Necr           2%         N/A       99%         5


Dungeon Overview and Level Annotations

Branches:
Dungeon (4/15)
 Temple: D:4-7

Altars:
Xom

Shops:
D:2 ?


Innate Abilities, Weirdness & Mutations

One of your tentacles has grown a beastly spike.
You cannot wear most types of armour.
You are amphibious.
You can wear up to eight rings at the same time.
Your skin changes colour to match your surroundings (Stealth+).
Your rubbery body absorbs attacks. (AC +1, EV +1)
((You are camouflaged when in or above water. (Stealth+)))
You have tentacles for arms and can constrict up to eight enemies at once.


Message History

Casting: Beastly Appendage (safe; 2% risk of failure)
Confirm with . or Enter, or press ? or * to list all spells.
You turn into a venomous arachnid creature.
The water moccasin bites you.
You are poisoned.
The water moccasin poisons you!
You closely miss the water moccasin.
You feel very sick.
The water moccasin completely misses you.
You bite the water moccasin!
The water moccasin is moderately wounded.
You feel very sick. The water moccasin misses you.
Okay, then.
Your transformation has ended.
You feel very sick. The water moccasin misses you.
The water moccasin barely misses you.
Casting: Spider Form (dangerous; 12% risk of failure)
Confirm with . or Enter, or press ? or * to list all spells.
Your blood is infused with primal strength.
You feel sick.
The water moccasin bites you but does no damage.
Casting: Wereblood (safe; 3% risk of failure)
Confirm with . or Enter, or press ? or * to list all spells.
One of your tentacles grows a vicious spike.
You feel sick. The water moccasin bites you!
* * * LOW HITPOINT WARNING * * *
You are lethally poisoned!
The water moccasin poisons you! The water moccasin barely misses you.
You feel protected.
* * * LOW HITPOINT WARNING * * *
You feel very sick. The water moccasin bites you.
* * * LOW HITPOINT WARNING * * *
As you read the scroll labelled ROULUT WEEKIWA, it crumbles to dust.
You feel strangely unstable.
It was a scroll of teleportation.
* * * LOW HITPOINT WARNING * * *
You feel very sick. The water moccasin bites you!
You die...

#.#.......#
#.#.##########
#.....###.#
#.#...........
#.#.#<..#.#
##.#.#.#.###### ..
#.###.#.# #........# ## .
#. #.#.###..#.#.#######.
#.###.#.#<...#.#..)......
#.............##########.
####..#.####..# #.
#..#S@.##..# #.
##.........# #.
.....#...#...# #.
.........#..... #.
######.#.# ... .. #.#..
#. ## #.#### #.


You could see a water moccasin.

Vanquished Creatures
  Duvessa (D:4)
  Dowan (D:4)
  An orc wizard (D:3)
  4 gnolls (D:2)
  2 adders
  A worm (D:2)
  3 dart slugs
  5 orcs (D:3)
  7 ball pythons
  7 endoplasms
  4 giant cockroaches
  5 goblins
  6 hobgoblins
  A jackal (D:4)
  10 kobolds
  3 quokkas
  2 bats (D:2)
  A frilled lizard (D:3)
  6 rats
70 creatures vanquished.

Notes
Turn   | Place    | Note
-------+----------+-------------------------------------------
     0 | D:1      | NinjaNoafa the Octopode Transmuter began the quest for the
                  | Orb.
     0 | D:1      | Reached XP level 1. HP: 13/13 MP: 3/3
   191 | D:1      | You fall into a shaft and drop 1 floor!
   223 | D:2      | Reached XP level 2. HP: 6/18 MP: 3/5
   239 | D:2      | Learned a level 2 spell: Wereblood
   478 | D:1      | Reached skill level 3 in Transmutations
   548 | D:1      | Reached XP level 3. HP: 23/23 MP: 2/6
   820 | D:1      | Found a faded altar of an unknown god.
  1247 | D:2      | Found Fonus's Magic Scroll Boutique.
  1252 | D:2      | Bought a scroll of identify for 24 gold pieces
  1280 | D:2      | Found a shimmering altar of Xom.
  1332 | D:2      | Upgraded the game from 0.30-a0-953-g5f1da4a474 to
                  | 0.30-a0-956-gcec3b41aec
  1339 | D:2      | Reached skill level 4 in Transmutations
  1339 | D:2      | Reached XP level 4. HP: 25/28 MP: 3/7
  2033 | D:3      | Reached skill level 1 in Stealth
  2033 | D:3      | Reached XP level 5. HP: 8/33 MP: 1/9
  2679 | D:4      | Noticed Duvessa
  2679 | D:4      | Noticed Dowan
  2696 | D:4      | Noticed a water moccasin
  2840 | D:4      | Killed Duvessa
  2841 | D:4      | Reached skill level 1 in Poison Magic
  2841 | D:4      | Reached XP level 6. HP: 21/38 MP: 2/10
  2846 | D:4      | Killed Dowan
  2847 | D:4      | Reached skill level 5 in Transmutations
  2916 | D:3      | Learned a level 3 spell: Spider Form
  2976 | D:4      | Slain by a water moccasin

Illustrated notes

Levels and vault maps discovered:
D:1:      amcnicky_arrival_flooded_fountain, layout_basic,
          chequers_ecumenical_altar_simple, minmay_tetromino_i2
D:2:      layout_loops_corners, serial_shops, shop, basic_altar, minmay_cut_off
D:3:      layout_loops_ring, bh_walls_and_bars
D:4:      layout_basic, grunt_qazlal_sundering, kennysheep_orc_sif_temple,
          dk_noncrumbling_4, kennysheep_generic_room_9, uniq_duvessa

Skill      XL: |  1  2  3  4  5  6 |
---------------+-------------------+-----
Transmutations | 3 4 5 |  5.0
Stealth        | 1 3 |  3.7
Spellcasting   | 3 |  3.0
Poison Magic   | 1 2 |  2.1
Fighting       | |  1.0
Dodging        | |  2.0
Unarmed Combat | |  3.0

Action                     |  1- 3 |  4- 6 || total
---------------------------+-------+-------++-------
  Melee: Unarmed           |    64 |    87 ||   151
         Constrict         |    20 |    18 ||    38
         Kick              |    13 |    24 ||    37
         Tentacles         |    12 |    18 ||    30
         Punch             |     3 |     1 ||     4
   Cast: Beastly Appendage |    19 |    20 ||    39
         Wereblood         |    11 |    13 ||    24
         Spider Form       |       |     1 ||     1
Ability: End Transformatio |       |     1 ||     1
    Use: Scroll            |     1 |     3 ||     4
         Potion            |       |     6 ||     6
   Stab: Sleeping          |     3 |     4 ||     7
 Armour: Skin              |     5 |    27 ||    32
  Dodge: Dodged            |    36 |    60 ||    96

Table legend: (Time is in decaauts)
 A = Elapsed time spent in this place.
 B = Non-inter-level travel time spent in this place.
 C = Inter-level travel time spent in this place.
 D = Time resting spent in this place.
 E = Time spent auto-exploring this place.
 F = Levels seen in this place.
 G = Mean time per level.
                   A        B        C        D        E       F      G
               +--------+--------+--------+--------+--------+-----+--------+
         Total |   2967 |   2723 |    244 |     54 |   1943 |   4 |  741.8 |
       Dungeon |   2967 |   2723 |    244 |     54 |   1943 |   4 |  741.8 |
               +--------+--------+--------+--------+--------+-----+--------+

Top non-repeatable levels by time:
     D:2: 1008 daAuts
     D:1: 886 daAuts
     D:3: 791 daAuts
     D:4: 280 daAuts
